[Event "Titled Tuesday Blitz June 20 Late 2023"]
[White "Novikov, Evgenij"]
[Black "Henriquez Villagra, Cristobal"]
[WhiteFideId "4125380"]
[BlackFideId "3409350"]
[WhiteElo "2242"]
[BlackElo "2542"]
[Result "0-1"]
[Round "2"]
[TimeControl "180+2"]
[Date "2023.06.20"]
[WhiteClock "0:00:00"]
[BlackClock "0:00:13"]
[Board "93"]

1. d4 d6 2. c4 e5 3. Nf3 e4 4. Nfd2 f5 5. e3 Nf6 6. Nc3 g6 7. Qc2 Bg7 8. b4 O-O 9. Bb2 c6 10. g3 d5 11. Bg2 Be6 12. c5 Nbd7 13. a4 Qe7 14. Ba3 g5 15. h4 h6 16. hxg5 hxg5 17. b5 f4 18. gxf4 gxf4 19. O-O-O Ng4 20. Ndxe4 dxe4 21. Bxe4 Rf7 22. bxc6 bxc6 23. Bxc6 Rb8 24. Nb5 fxe3 25. fxe3 Qg5 26. Qh7+ Kf8 27. Rdf1 Qxe3+ 28. Kc2 Qb3+ 29. Kd2 Rxb5 30. Rxf7+ Bxf7 31. Bxb5 Qxa3 32. Qe4 Qb2+ 33. Ke1 Qf2+ 34. Kd1 Ndf6 35. Qa8+ Be8 36. Re1 Ne3+ 37. Rxe3 Qxe3 38. Bxe8 Qxd4+ 39. Ke1 Qe5+ 40. Kf1 Qf5+ 41. Ke1 Nxe8 42. Qxa7 Bc3+ 43. Ke2 Qe4+ 44. Kf1 Qf3+ 45. Kg1 Bd4+ 46. Kh2 Be5+ 47. Kg1 Bg3 48. c6 Qxc6 49. Qd4 Bd6 50. Qf2+ Ke7 51. Qe2+ Kd8 52. Kf1 Qxa4 53. Kf2 Qd7 54. Qf3 Qe6 55. Qe2 Qh6 56. Qf3 Nf6 57. Qa8+ Ke7 58. Qb7+ Ke6 59. Qb3+ Nd5 60. Qf3 Bc5+ 61. Ke2 Nf4+ 62. Kd1 Qg5 63. Qe4+ Kd6 64. Qc2 Qg1+ 65. Kd2 Bb4+ 0-1


[Site "https://www.chess.com"]

[Event "Titled Tuesday Blitz June 20 Late 2023"]
[White "Cardoso Cardoso, Jose Gabriel"]
[Black "Namitbir Singh Walia"]
[WhiteFideId "4430492"]
[BlackFideId "35071068"]
[WhiteElo "2484"]
[BlackElo "2239"]
[Result "1-0"]
[Round "2"]
[TimeControl "180+2"]
[Date "2023.06.20"]
[WhiteClock "0:00:08"]
[BlackClock "0:00:10"]
[Board "94"]

1. e4 e5 2. Nf3 Nc6 3. Bb5 a6 4. Ba4 Nf6 5. O-O Be7 6. Re1 b5 7. Bb3 d6 8. c3 O-O 9. h3 Nb8 10. d4 Nbd7 11. Nbd2 Bb7 12. Bc2 Re8 13. Nf1 Bf8 14. Ng3 g6 15. a4 Bg7 16. Bd3 exd4 17. cxd4 c5 18. axb5 axb5 19. Rxa8 Bxa8 20. Bg5 Qb6 21. d5 c4 22. Bc2 Nc5 23. Be3 Qc7 24. Bd4 Bb7 25. Qd2 Na6 26. Nh4 Bc8 27. Qg5 Qe7 28. Nf3 Nd7 29. Qd2 Ne5 30. Nxe5 Bxe5 31. f4 Bxd4+ 32. Qxd4 Qh4 33. Qf2 Nc5 34. e5 dxe5 35. fxe5 Bb7 36. Kh2 Nd3 37. Bxd3 cxd3 38. e6 fxe6 39. dxe6 Qe7 40. Qd2 Qd6 41. Re3 Rxe6 42. Rxd3 Qe5 43. Rd8+ Re8 44. Rd7 Bc6 45. Rd6 Ba8 46. b4 Rf8 47. Rd8 Qf6 48. Rxa8 Rxa8 49. Qd5+ Kg7 50. Qxa8 Qd4 51. Qb7+ Kh6 52. Qxb5 Kg7 53. Qb7+ Kf6 54. Qe4 Qd6 55. b5 h5 56. Qc6 Ke6 57. Qxd6+ Kxd6 58. Nxh5 gxh5 59. g4 hxg4 60. hxg4 Kc5 61. g5 Kxb5 62. g6 Kc6 63. g7 1-0


[Site "https://www.chess.com"]

[Event "Titled Tuesday Blitz June 20 Late 2023"]
[White "Bordi, Kevin"]
[Black "Szyszylo, Rafal"]
[WhiteFideId "621862"]
[BlackFideId "1109626"]
[WhiteElo "2794"]
[BlackElo "1951"]
[Result "1-0"]
[Round "2"]
[TimeControl "180+2"]
[Date "2023.06.20"]
[WhiteClock "0:02:02"]
[BlackClock "0:00:00"]
[Board "95"]

1. e4 d6 2. d4 Nf6 3. Nc3 g6 4. g3 Bg7 5. Bg2 O-O 6. Nge2 e5 7. dxe5 dxe5 8. Qxd8 Rxd8 9. Bg5 c6 10. O-O h6 11. Be3 Ng4 12. Bc5 Na6 13. Be7 Re8 14. Ba3 Bf8 15. Bxf8 Kxf8 16. h3 Nf6 17. Rfd1 Be6 18. a3 Rad8 19. f3 Ke7 20. Kf2 Rxd1 21. Rxd1 Rd8 22. Rxd8 Kxd8 23. Ke3 Ne8 24. f4 f6 25. g4 g5 26. fxe5 fxe5 27. Ng3 Nf6 28. Bf1 Nc5 29. b4 Ncd7 30. Na4 b6 31. Nb2 Kc7 32. Bc4 Kd6 33. Bxe6 Kxe6 34. Nc4 c5 35. b5 Ng8 36. Nf5 Ndf6 37. a4 h5 38. Ng7+ Kf7 39. Nxh5 Nxh5 40. gxh5 Nf6 41. Nxe5+ Ke6 42. Nc6 Nxh5 43. Nxa7 Nf4 44. Nc8 Nxh3 45. Nxb6 g4 46. Nd5 Kd6 47. a5 c4 48. a6 g3 49. Kf3 Ng5+ 50. Kg2 Nxe4 51. a7 1-0


[Site "https://www.chess.com"]

[Event "Titled Tuesday Blitz June 20 Late 2023"]
[White "Siddharth, Jagadeesh"]
[Black "Principe, Alexander"]
[WhiteFideId "5818320"]
[BlackFideId "3804542"]
[WhiteElo "2303"]
[BlackElo "2203"]
[Result "1-0"]
[Round "2"]
[TimeControl "180+2"]
[Date "2023.06.20"]
[WhiteClock "0:02:25"]
[BlackClock "0:02:18"]
[Board "96"]

1. e4 e6 2. d4 d5 3. e5 c5 4. c3 Nc6 5. Nf3 Bd7 6. Be2 Rc8 7. O-O b6 8. Na3 Nge7 9. Bg5 h6 10. Nb5 Nf5 11. Bxd8 Ncxd4 12. cxd4 1-0


[Site "https://www.chess.com"]

[Event "Titled Tuesday Blitz June 20 Late 2023"]
[White "Yeritsyan, Hayk"]
[Black "Sattarov, Bobir"]
[WhiteFideId "13307320"]
[BlackFideId "14203081"]
[WhiteElo "2461"]
[BlackElo "2351"]
[Result "0-1"]
[Round "2"]
[TimeControl "180+2"]
[Date "2023.06.20"]
[WhiteClock "0:02:11"]
[BlackClock "0:02:21"]
[Board "97"]

1. d4 Nf6 2. Nf3 d5 3. e3 Bf5 4. Bd3 e6 5. Bxf5 exf5 6. Qd3 g6 7. Qb5+ Nbd7 8. Qxb7 Bd6 9. Qb5 O-O 10. O-O Kh8 11. Qd3 Ne4 12. c4 c6 13. Nc3 Ndf6 14. Bd2 Qb8 15. Rab1 Ng4 16. h3 Bh2+ 0-1


[Site "https://www.chess.com"]

[Event "Titled Tuesday Blitz June 20 Late 2023"]
[White "Can, Isik"]
[Black "Gascon Del Nogal, Jose Rafael"]
[WhiteFideId "6383742"]
[BlackFideId "3902463"]
[WhiteElo "2374"]
[BlackElo "2473"]
[Result "0-1"]
[Round "2"]
[TimeControl "180+2"]
[Date "2023.06.20"]
[WhiteClock "0:00:02"]
[BlackClock "0:00:04"]
[Board "98"]

1. Nf3 Nf6 2. c4 b6 3. Nc3 Bb7 4. d3 c5 5. g3 e6 6. Bg2 Be7 7. O-O O-O 8. a3 d5 9. cxd5 Nxd5 10. Bd2 Nc6 11. Rc1 Bf6 12. Qa4 Nxc3 13. Bxc3 Bxc3 14. Rxc3 Qe7 15. Rfc1 Rfd8 16. b4 cxb4 17. Rxc6 Bxc6 18. Rxc6 bxa3 19. Rc3 b5 20. Qxb5 Rac8 21. Rxc8 Rxc8 22. Qa6 Rc1+ 23. Bf1 h6 24. Ne5 Qc5 25. Nc4 Qd5 26. f3 Rxc4 27. dxc4 Qd4+ 28. Kg2 Qb2 29. Qc8+ Kh7 30. Qc6 a2 31. Qe4+ g6 32. Qf4 Kg7 33. c5 a1=Q 34. c6 Qe5 35. Qc4 Qac3 36. Qa4 Qcc5 37. h4 Qee3 38. Kh3 Qec3 39. Bg2 Qxc6 40. Qxa7 Q6c5 41. Qd7 Q5e3 42. h5 g5 43. Qb5 Qce5 44. Qc4 Qxe2 45. Qb4 Q2e3 46. Kh2 Qf2 47. Qg4 f5 48. Qh3 f4 49. g4 Qee1 50. Qg3 Qxg3# 0-1


[Site "https://www.chess.com"]

[Event "Titled Tuesday Blitz June 20 Late 2023"]
[White "Ionescu, Mihai"]
[Black "Barp, Alberto"]
[WhiteFideId "1202499"]
[BlackFideId "872555"]
[WhiteElo "2279"]
[BlackElo "2313"]
[Result "0-1"]
[Round "2"]
[TimeControl "180+2"]
[Date "2023.06.20"]
[WhiteClock "0:00:34"]
[BlackClock "0:00:55"]
[Board "99"]

1. Nf3 d5 2. d4 Nf6 3. c4 e6 4. g3 dxc4 5. Bg2 b5 6. a4 c6 7. O-O Bb7 8. Ne5 a6 9. b3 cxb3 10. Qxb3 b4 11. a5 Nbd7 12. Nxc6 Qc8 13. Ne5 Bxg2 14. Kxg2 Nxe5 15. dxe5 Nd7 16. Bb2 Qb7+ 17. Kg1 Be7 18. Nd2 O-O 19. Rac1 Rac8 20. Nc4 Qb5 21. Rfd1 Nc5 22. Qe3 Na4 23. Qb3 Nxb2 24. Nxb2 Qxa5 25. Nc4 Qb5 26. Nd6 Bxd6 27. exd6 Rxc1 28. Rxc1 Rd8 29. Rd1 a5 30. Qc2 h6 31. Qc7 Rd7 32. Qc8+ Kh7 33. Qe8 b3 34. Qc8 a4 35. h4 a3 36. Qc3 b2 37. Qc2+ f5 38. e4 Rxd6 39. Rxd6 b1=Q+ 0-1


[Site "https://www.chess.com"]

[Event "Titled Tuesday Blitz June 20 Late 2023"]
[White "Kakabayev, Mergen"]
[Black "FromTexas54"]
[WhiteFideId "14002990"]
[WhiteElo "2240"]
[BlackElo "2420"]
[Result "1-0"]
[Round "2"]
[TimeControl "180+2"]
[Date "2023.06.20"]
[WhiteClock "0:02:48"]
[BlackClock "0:01:37"]
[Board "100"]

1. e4 e5 2. Nc3 Nf6 3. Bc4 Nxe4 4. Qh5 Nd6 5. Bb3 Be7 6. Nf3 Nc6 7. Nb5 O-O 8. Nxd6 cxd6 9. h4 g6 10. Qh6 Re8 11. Ng5 1-0


[Site "https://www.chess.com"]

[Event "Titled Tuesday Blitz June 20 Late 2023"]
[White "Fishbein, Alexander"]
[Black "Figorito, Nick"]
[WhiteFideId "2000377"]
[BlackFideId "30923689"]
[WhiteElo "2403"]
[BlackElo "2371"]
[Result "0-1"]
[Round "2"]
[TimeControl "180+2"]
[Date "2023.06.20"]
[WhiteClock "0:00:00"]
[BlackClock "0:00:08"]
[Board "101"]

1. e4 e6 2. d4 d5 3. exd5 exd5 4. Nf3 Bd6 5. c4 Nf6 6. Bg5 O-O 7. cxd5 Re8+ 8. Be2 Qe7 9. Nc3 Bb4 10. Bxf6 gxf6 11. Rc1 Bg4 12. Qd3 Nd7 13. a3 Bxc3+ 14. Rxc3 Nb6 15. Rc5 Rad8 16. h3 Bf5 17. Qe3 Qxe3 18. fxe3 Nxd5 19. Kf2 c6 20. Nh4 Bg6 21. Nxg6 hxg6 22. Re1 Nxe3 23. Bf3 Nf5 24. Rxe8+ Rxe8 25. d5 cxd5 26. Bxd5 Re7 27. Rc3 Nd6 28. Re3 Rc7 29. Bb3 Nf5 30. Rd3 Kg7 31. g4 Ne7 32. Ke3 Nc6 33. Bd5 Re7+ 34. Kf4 Ne5 35. Rb3 g5+ 36. Kg3 b6 37. Rc3 Ng6 38. Bf3 Nf4 39. h4 Ne6 40. h5 Nf4 41. Rc2 Ne6 42. Rc3 Nd4 43. Rd3 Nxf3 44. Kxf3 Rc7 45. Rd6 Rc2 46. b4 Rc3+ 47. Ke4 Rc4+ 48. Kd5 Rxg4 49. Rd7 Rh4 50. Rxa7 Rxh5 51. a4 g4+ 52. Ke4 Rg5 53. Ke3 g3 0-1


[Site "https://www.chess.com"]

[Event "Titled Tuesday Blitz June 20 Late 2023"]
[White "Vaglio Munoz, Jaime"]
[Black "Gubajdullin, Alexei"]
[WhiteFideId "6500145"]
[BlackFideId "4141202"]
[WhiteElo "2199"]
[BlackElo "2279"]
[Result "1/2-1/2"]
[Round "2"]
[TimeControl "180+2"]
[Date "2023.06.20"]
[WhiteClock "0:00:57"]
[BlackClock "0:00:43"]
[Board "102"]

1. Nf3 Nf6 2. c4 g6 3. b3 Bg7 4. Bb2 O-O 5. g3 d6 6. d4 Ne4 7. Nfd2 Nxd2 8. Qxd2 c5 9. Bg2 Nc6 10. d5 Bxb2 11. Qxb2 Qa5+ 12. Qd2 Qxd2+ 13. Kxd2 Nd4 14. e3 Nf5 15. h4 h5 16. Nc3 Bd7 17. a4 Rab8 18. Bh3 Rfd8 19. Bxf5 Bxf5 20. e4 Bg4 21. Ke3 b6 22. f3 Bd7 23. Rhg1 a6 24. g4 hxg4 25. fxg4 b5 26. axb5 axb5 27. h5 bxc4 28. bxc4 Rb2 29. hxg6 fxg6 30. e5 Rb3 31. Kd2 Rdb8 32. e6 Be8 33. g5 Rb2+ 34. Kd3 Rh2 35. Rgb1 Rh3+ 36. Kd2 Rh2+ 37. Kd3 Rh3+ 38. Kd2 Rh2+ 39. Kd3 1/2-1/2


[Site "https://www.chess.com"]

[Event "Titled Tuesday Blitz June 20 Late 2023"]
[White "Jarmula, Lukasz"]
[Black "Schut, Han"]
[WhiteFideId "1160664"]
[BlackFideId "1005561"]
[WhiteElo "2372"]
[BlackElo "2024"]
[Result "1-0"]
[Round "2"]
[TimeControl "180+2"]
[Date "2023.06.20"]
[WhiteClock "0:02:31"]
[BlackClock "0:01:02"]
[Board "103"]

1. Nf3 Nf6 2. e3 g6 3. b4 Bg7 4. Bb2 d5 5. Be2 O-O 6. O-O a5 7. b5 c5 8. c4 dxc4 9. Bxc4 b6 10. d4 cxd4 11. Bxd4 Bb7 12. Nc3 Nbd7 13. Na4 Ng4 14. Bxg7 Kxg7 15. Qd4+ Ngf6 16. Rfd1 Bxf3 17. gxf3 Rc8 18. Bf1 Qe8 19. Nxb6 Nxb6 20. Qxb6 Rb8 21. Qxa5 Rxb5 22. Qxb5 1-0


[Site "https://www.chess.com"]

[Event "Titled Tuesday Blitz June 20 Late 2023"]
[White "Richter, Paul"]
[Black "Tarnowska, Aleksandra"]
[WhiteFideId "2046350"]
[BlackFideId "1180967"]
[WhiteElo "2530"]
[BlackElo "1776"]
[Result "1-0"]
[Round "2"]
[TimeControl "180+2"]
[Date "2023.06.20"]
[WhiteClock "0:02:17"]
[BlackClock "0:00:15"]
[Board "104"]

1. e4 c5 2. Nf3 e6 3. d3 a6 4. Nbd2 Qc7 5. g3 d6 6. Bg2 Nf6 7. O-O Be7 8. a4 b6 9. Re1 Bb7 10. Nc4 Nbd7 11. Bf4 Nh5 12. Bd2 Nhf6 13. Bf4 Nh5 14. Bg5 Bxg5 15. Nxg5 Nhf6 16. e5 Nxe5 17. Bxb7 Nxc4 18. Bxa8 Ne5 19. f4 Neg4 20. Bf3 h5 21. Qe2 Ke7 22. Bxg4 Nxg4 23. Nxf7 Kxf7 24. Qxe6+ Kf8 25. Qe8# 1-0


[Site "https://www.chess.com"]

[Event "Titled Tuesday Blitz June 20 Late 2023"]
[White "Kramnik, Vladimir"]
[Black "Ward, Ieuan C"]
[WhiteFideId "4101588"]
[BlackFideId "406627"]
[WhiteElo "2703"]
[BlackElo "2263"]
[Result "1-0"]
[Round "2"]
[TimeControl "180+2"]
[Date "2023.06.20"]
[WhiteClock "0:00:42"]
[BlackClock "0:00:00"]
[Board "105"]

1. e4 e5 2. Nf3 Nc6 3. g3 Nf6 4. d3 Bc5 5. Bg2 d6 6. c3 O-O 7. O-O Re8 8. Re1 a6 9. a4 Bg4 10. h3 Bxf3 11. Qxf3 h6 12. Nd2 Ba7 13. Nf1 Qe7 14. b4 b5 15. Ne3 Qe6 16. Nd5 Rac8 17. axb5 axb5 18. Ra6 Bb6 19. Nxb6 cxb6 20. Rxb6 Ne7 21. Bd2 Rb8 22. Rxb8 Rxb8 23. Ra1 d5 24. Be3 dxe4 25. dxe4 Rc8 26. Bc5 Ng6 27. Rd1 Qc4 28. Qd3 Qb3 29. Qxb5 Qxd1+ 30. Kh2 Qd7 31. Qe2 Qc6 32. Bf3 Rd8 33. c4 Nd7 34. Be3 Rc8 35. c5 Rb8 36. Qd2 Qb5 37. Qd6 Nf6 38. c6 Rc8 39. c7 Qd7 40. Bc5 Qxc7 41. Qa6 Rd8 42. Bb6 Qd6 43. Qa5 Rc8 44. Bc5 Qc6 45. Kg2 Nd7 46. Be3 Ra8 47. b5 Rxa5 48. bxc6 Nf6 49. c7 Ra8 50. Bb6 Ne8 51. Bg4 Nxc7 52. Bxc7 Ra2 53. Bf5 Re2 54. Kf3 Ra2 55. Bxg6 fxg6 56. Bxe5 Ra3+ 57. Kg2 Kf7 58. h4 g5 59. h5 Ke6 60. Bxg7 Ra6 61. Bxh6 g4 62. Bf4 Kf7 63. h6 Kg6 64. Kf1 Ra2 65. Ke1 Rb2 66. e5 Ra2 67. Be3 Ra5 68. Bd4 Kxh6 69. Ke2 Kg5 70. Ke3 Kf5 71. Bc3 Ra3 72. Kd3 Ra2 73. Bd4 Ra3+ 74. Kc4 Ra5 75. Bc3 Ra2 76. Bd4 Rc2+ 77. Kd5 Rd2 78. Kc5 Rc2+ 79. Kd6 Rd2 80. Kd5 Rd1 81. e6 Rxd4+ 82. Kxd4 Kxe6 83. Ke4 1-0


[Site "https://www.chess.com"]

[Event "Titled Tuesday Blitz June 20 Late 2023"]
[White "dodoucb"]
[Black "Grischuk, Alexander"]
[BlackFideId "4126025"]
[WhiteElo "2400"]
[BlackElo "2721"]
[Result "0-1"]
[Round "2"]
[TimeControl "180+2"]
[Date "2023.06.20"]
[WhiteClock "0:00:00"]
[BlackClock "0:00:27"]
[Board "106"]

1. e4 e6 2. d4 d5 3. Bd3 dxe4 4. Bxe4 Nf6 5. Bf3 c5 6. Ne2 Be7 7. O-O O-O 8. Nbc3 Nc6 9. Be3 Qc7 10. dxc5 Ne5 11. Ng3 Bxc5 12. Bf4 Nxf3+ 13. Qxf3 e5 14. Bg5 Bg4 15. Nd5 Nxd5 16. Qxg4 f6 17. Bh6 Kh8 18. Bd2 Qc8 19. Qxc8 Raxc8 20. c3 f5 21. Rad1 e4 22. Bc1 Nb6 23. Nh5 Kg8 24. Nf4 Kf7 25. Nd5 Rfd8 26. Nxb6 Bxb6 27. Be3 Ke6 28. g3 Bxe3 29. fxe3 Rd3 30. Kf2 Rcd8 31. Rxd3 exd3 32. Ke1 Ke5 33. Kd2 g5 34. Rf2 h5 35. h4 gxh4 36. gxh4 Rg8 37. Kxd3 Rg4 38. Kc2 Rxh4 39. Rg2 Rg4 40. Rh2 h4 41. Kd3 f4 42. exf4+ Kxf4 43. c4 Kg3 44. Rh1 h3 45. Ke3 h2 0-1


[Site "https://www.chess.com"]

[Event "Titled Tuesday Blitz June 20 Late 2023"]
[White "Sadhwani, Raunak"]
[Black "Buchenau, Frank"]
[WhiteFideId "35093487"]
[BlackFideId "4604350"]
[WhiteElo "2631"]
[BlackElo "2157"]
[Result "1-0"]
[Round "2"]
[TimeControl "180+2"]
[Date "2023.06.20"]
[WhiteClock "0:02:53"]
[BlackClock "0:00:10"]
[Board "107"]

1. b3 d5 2. Bb2 Bg4 3. Nf3 Bxf3 4. gxf3 Nf6 5. e3 g6 6. d4 Bg7 7. Bd3 O-O 8. h4 c5 9. dxc5 Nc6 10. Qd2 e5 11. Nc3 e4 12. fxe4 Nxe4 13. Bxe4 dxe4 14. O-O-O Re8 15. Qxd8 Raxd8 16. Rxd8 Nxd8 17. Rd1 Bf6 18. Nxe4 Bxb2+ 19. Kxb2 Rxe4 20. Rxd8+ Kg7 21. Rd7 Rxh4 22. Rxb7 Re4 23. Rxa7 h5 24. Rd7 h4 25. Rd1 Kf6 26. c4 g5 27. Kc3 g4 28. b4 g3 29. fxg3 Rxe3+ 30. Kd4 Rxg3 31. c6 Ke6 32. Kc5 h3 33. c7 Rg8 34. Rd8 h2 35. c8=Q+ 1-0


[Site "https://www.chess.com"]

[Event "Titled Tuesday Blitz June 20 Late 2023"]
[White "Makhnev, Denis"]
[Black "Tymrakiewicz, Rafal"]
[WhiteFideId "13707647"]
[BlackFideId "1108832"]
[WhiteElo "2515"]
[BlackElo "2151"]
[Result "1/2-1/2"]
[Round "2"]
[TimeControl "180+2"]
[Date "2023.06.20"]
[WhiteClock "0:00:27"]
[BlackClock "0:00:05"]
[Board "108"]

1. d4 d5 2. c4 Bf5 3. cxd5 Nf6 4. Nc3 Nxd5 5. Qb3 e6 6. e4 Nxc3 7. exf5 Nd5 8. Qxb7 Nd7 9. fxe6 Bb4+ 10. Kd1 fxe6 11. Nf3 O-O 12. Qc6 N7f6 13. Bd3 Kh8 14. a3 Bd6 15. h3 Rb8 16. Re1 Nf4 17. Bxf4 Bxf4 18. Kc2 Rb6 19. Qa4 Qd5 20. Kb1 Rfb8 21. Re2 Qb7 22. Qc2 Nd5 23. Ka2 Bd6 24. Rc1 Nf4 25. Be4 Qa6 26. Re3 Rxb2+ 27. Qxb2 Rxb2+ 28. Kxb2 Nxg2 29. Rb3 g6 30. Rc2 Nf4 31. h4 Nd5 32. h5 Kg7 33. hxg6 hxg6 34. Ng5 Be7 35. Nf3 Bf6 36. Ka2 c5 37. Bxd5 exd5 38. dxc5 Qc6 39. Rd3 d4 40. Nd2 Qd5+ 41. Nb3 a5 42. c6 a4 43. c7 axb3+ 44. Rxb3 d3 45. c8=Q dxc2 46. Qxc2 Qe5 47. Rb7+ Kh6 48. Qb2 Qd5+ 49. Qb3 Qd2+ 50. Kb1 Qe1+ 51. Kc2 Qe2+ 52. Kc1 Qe1+ 53. Qd1 Qc3+ 54. Kb1 Qa1+ 55. Kc2 Qc3+ 56. Kb1 Qa1+ 57. Kc2 Qc3+ 58. Kb1 1/2-1/2


[Site "https://www.chess.com"]

[Event "Titled Tuesday Blitz June 20 Late 2023"]
[White "Licznerski, Lukasz"]
[Black "Herrera, Juan Sebastian"]
[WhiteFideId "1179250"]
[BlackFideId "4403266"]
[WhiteElo "2453"]
[BlackElo "2255"]
[Result "0-1"]
[Round "2"]
[TimeControl "180+2"]
[Date "2023.06.20"]
[WhiteClock "0:00:00"]
[BlackClock "0:00:08"]
[Board "109"]

1. e4 Nf6 2. e5 Nd5 3. d4 d6 4. c4 Nb6 5. exd6 cxd6 6. Nc3 g6 7. Be3 Bg7 8. Rc1 O-O 9. b3 e5 10. dxe5 dxe5 11. Qxd8 Rxd8 12. c5 N6d7 13. Bc4 Nc6 14. Nf3 h6 15. Ne4 Na5 16. Be2 f5 17. Nd6 e4 18. Nd2 Ne5 19. f4 Nd3+ 20. Bxd3 exd3 21. Nf3 b6 22. Kd2 bxc5 23. Bxc5 Nb7 24. Nxc8 Raxc8 25. Be7 Rxc1 26. Rxc1 Rd7 27. Rc8+ Kf7 28. Bb4 a5 29. Bc3 Nd6 30. Bxg7 Ne4+ 31. Kd1 Kxg7 32. Rc4 Nf2+ 33. Kd2 Ne4+ 34. Kd1 g5 35. Rd4 Rc7 36. fxg5 hxg5 37. g4 Nf2+ 38. Kd2 fxg4 39. Ne5 Rc2+ 40. Ke1 Re2+ 41. Kf1 Rxe5 42. Kxf2 Re2+ 43. Kg3 d2 44. a3 Kg6 45. b4 axb4 46. axb4 Kf5 47. b5 Ke5 48. Rd8 Ke4 49. b6 Re3+ 50. Kxg4 Rd3 51. Re8+ Kd5 52. Rd8+ Kc4 53. Rxd3 Kxd3 54. Kxg5 d1=Q 55. b7 Qc1+ 56. Kg6 Qc6+ 57. Kg5 Qxb7 58. h4 Qg7+ 59. Kf5 Qh7+ 60. Kg5 Ke4 61. h5 Ke5 62. h6 Ke6 63. Kh5 Kf5 64. Kh4 Qxh6+ 65. Kg3 Qd2 0-1


[Site "https://www.chess.com"]

[Event "Titled Tuesday Blitz June 20 Late 2023"]
[White "Harsh Suresh"]
[Black "Slavin, Alexey"]
[WhiteFideId "45018464"]
[BlackFideId "24104388"]
[WhiteElo "2209"]
[BlackElo "2264"]
[Result "1-0"]
[Round "2"]
[TimeControl "180+2"]
[Date "2023.06.20"]
[WhiteClock "0:02:06"]
[BlackClock "0:00:44"]
[Board "110"]

1. b3 Nf6 2. Bb2 d6 3. e3 Nc6 4. d4 Bg4 5. Be2 Bxe2 6. Nxe2 e6 7. O-O Be7 8. c4 O-O 9. Nbc3 Re8 10. a3 Bf8 11. Qc2 e5 12. Rad1 exd4 13. Nxd4 Nxd4 14. Rxd4 Qe7 15. Nd5 Nxd5 16. cxd5 Qd7 17. Rc4 Re7 18. Rc1 Rc8 19. a4 a6 20. Bd4 g6 21. Bb6 c5 22. dxc6 bxc6 23. Rxc6 Rxc6 24. Qxc6 Qe6 25. Qc4 d5 26. Qxa6 h5 27. a5 Bg7 28. Qc8+ Kh7 29. Qxe6 Rxe6 30. g3 Bb2 31. Rc7 Kg7 32. Rb7 Ba3 33. a6 1-0


[Site "https://www.chess.com"]

[Event "Titled Tuesday Blitz June 20 Late 2023"]
[White "Arnold, Ken"]
[Black "Xu, Yi"]
[WhiteFideId "2056836"]
[BlackFideId "8605564"]
[WhiteElo "2391"]
[BlackElo "2460"]
[Result "0-1"]
[Round "2"]
[TimeControl "180+2"]
[Date "2023.06.20"]
[WhiteClock "0:00:26"]
[BlackClock "0:00:05"]
[Board "111"]

1. d4 Nf6 2. c4 e6 3. Nf3 d5 4. cxd5 exd5 5. Nc3 c6 6. Bf4 Bf5 7. e3 Bd6 8. Bxd6 Qxd6 9. Bd3 Bg4 10. h3 Bh5 11. g4 Bg6 12. Ne5 Nbd7 13. Nxg6 hxg6 14. Qf3 Qe7 15. Kf1 O-O-O 16. a3 Rh4 17. Kg2 Rdh8 18. Ne2 Nh7 19. Nf4 Ng5 20. Qg3 Nf6 21. Rac1 Kd7 22. Rc2 Nfe4 23. Qh2 Rxg4+ 24. hxg4 Rxh2+ 25. Rxh2 Nf6 26. Rh4 Nge4 27. Rh8 Nxg4 28. Rb8 Qg5 29. Nh3 Nxe3+ 30. Kf3 Qg4+ 31. Kxe3 Qxh3+ 32. Ke2 Qg4+ 33. Ke1 Qg1+ 34. Bf1 Kc7 35. Rf8 Nd6 36. Re2 Kd7 37. Rb8 g5 38. b4 g4 39. a4 g3 40. b5 gxf2+ 41. Rxf2 cxb5 42. axb5 Kc7 43. Ra8 Kb6 44. Rd8 Ne4 45. Rxf7 Qg3+ 46. Ke2 Qh2+ 47. Kd1 Qh5+ 48. Rf3 Qxf3+ 0-1


[Site "https://www.chess.com"]

[Event "Titled Tuesday Blitz June 20 Late 2023"]
[White "Prydun, Andriy"]
[Black "Raja Rithvik R"]
[WhiteFideId "14145898"]
[BlackFideId "35007394"]
[WhiteElo "2164"]
[BlackElo "2395"]
[Result "1-0"]
[Round "2"]
[TimeControl "180+2"]
[Date "2023.06.20"]
[WhiteClock "0:00:38"]
[BlackClock "0:00:58"]
[Board "112"]

1. e4 d6 2. d4 Nf6 3. Nc3 g6 4. h3 Bg7 5. g4 O-O 6. Bg2 e5 7. d5 c6 8. Nge2 cxd5 9. exd5 Nbd7 10. Ng3 Nc5 11. g5 Ne8 12. h4 f5 13. h5 e4 14. hxg6 hxg6 15. Bf4 b5 16. Kf1 b4 17. Nce2 Bb7 18. a3 a5 19. c3 bxc3 20. bxc3 Nc7 21. c4 Ba6 22. Rc1 Nd3 23. Rc3 Nxd5 24. Rxd3 Nxf4 25. Rxd6 Bc8 26. Rxd8 1-0


[Site "https://www.chess.com"]

[Event "Titled Tuesday Blitz June 20 Late 2023"]
[White "Goncalves, Davi Sulzbacher"]
[Black "Tsaruk, Maksim"]
[WhiteFideId "2154510"]
[BlackFideId "13511173"]
[WhiteElo "2182"]
[BlackElo "2363"]
[Result "0-1"]
[Round "2"]
[TimeControl "180+2"]
[Date "2023.06.20"]
[WhiteClock "0:00:00"]
[BlackClock "0:00:10"]
[Board "113"]

1. Nf3 Nf6 2. d4 d5 3. c4 e6 4. Nc3 c5 5. cxd5 Nxd5 6. e4 Nxc3 7. bxc3 cxd4 8. cxd4 Bb4+ 9. Bd2 Bxd2+ 10. Qxd2 O-O 11. Be2 b6 12. O-O Bb7 13. Qf4 Nd7 14. Rad1 Nf6 15. d5 exd5 16. e5 Ne4 17. Nd4 Qg5 18. Qxg5 Nxg5 19. Nf5 Rad8 20. Nd6 Ba8 21. f4 Ne4 22. Nb5 a6 23. Nd4 b5 24. Bf3 Rc8 25. Rd3 Rc4 26. Nf5 Nc5 27. Rd4 Ne6 28. Rxc4 dxc4 29. Ne7+ Kh8 30. f5 Nc5 31. f6 gxf6 32. exf6 c3 33. Rc1 b4 34. a3 a5 35. axb4 axb4 36. Bxa8 Rxa8 37. Nd5 Nd3 38. Rd1 c2 0-1


[Site "https://www.chess.com"]

[Event "Titled Tuesday Blitz June 20 Late 2023"]
[White "Lin, Dachey"]
[Black "Olsson, William"]
[WhiteFideId "2029650"]
[BlackFideId "1741721"]
[WhiteElo "2313"]
[BlackElo "2197"]
[Result "0-1"]
[Round "2"]
[TimeControl "180+2"]
[Date "2023.06.20"]
[WhiteClock "0:00:54"]
[BlackClock "0:01:44"]
[Board "114"]

1. g4 c5 2. Bg2 Nc6 3. c4 g6 4. h4 Bg7 5. h5 g5 6. Nc3 h6 7. d3 Nf6 8. e4 d6 9. Bh3 Ne5 10. f3 a6 11. Be3 Bd7 12. Bf1 b5 13. Rc1 bxc4 14. dxc4 Rb8 15. b3 a5 16. a4 O-O 17. Nb5 Bxb5 18. axb5 e6 19. Rh2 Qe7 20. Rd2 Rfd8 21. Kf2 Ne8 22. Ne2 f5 23. gxf5 exf5 24. exf5 g4 25. f4 Nf3 26. Bg2 Nxd2 27. Bd5+ Kh8 28. Qxd2 Nf6 29. Be6 Ne4+ 0-1


[Site "https://www.chess.com"]

[Event "Titled Tuesday Blitz June 20 Late 2023"]
[White "Guzman Moneo, Alberto"]
[Black "Fernandez Guillen, Ernesto J."]
[WhiteFideId "2209616"]
[BlackFideId "3512428"]
[WhiteElo "2157"]
[BlackElo "2434"]
[Result "0-1"]
[Round "2"]
[TimeControl "180+2"]
[Date "2023.06.20"]
[WhiteClock "0:00:26"]
[BlackClock "0:00:25"]
[Board "115"]

1. e4 e5 2. Nf3 Nc6 3. Bb5 f5 4. Nc3 Nf6 5. exf5 e4 6. Qe2 Qe7 7. Bxc6 bxc6 8. Ng5 d5 9. d3 exd3 10. cxd3 Qxe2+ 11. Kxe2 Bxf5 12. Re1 Be7 13. Bf4 Kd7 14. Nf3 Bd6 15. Bxd6 cxd6 16. Nd4 Rhe8+ 17. Kd2 Bg6 18. f3 c5 19. Nde2 d4 20. Ne4 Nd5 21. N2g3 Rab8 22. b3 a5 23. h4 h6 24. Rab1 Rb4 25. Nf2 Reb8 26. Ng4 a4 27. Rec1 axb3 28. axb3 Rxb3 29. Rxb3 Rxb3 30. Ne4 Rb2+ 31. Rc2 Rxc2+ 32. Kxc2 Bxe4 33. fxe4 Nf4 34. e5 Nxg2 35. exd6 Ne3+ 36. Kd2 Nxg4 0-1


[Site "https://www.chess.com"]